 Dungeon Crawl Stone Soup version 0.20.0-8-g6b59dc7 (webtiles) character file.

24838 Gorglomux the Fighter (level 12, -1/107 HPs)
             Began as a Centaur Fire Elementalist on May 30, 2017.
             Was an Elder of Fedhas.
             Slain by a blink frog (12 damage)
             ... on level 2 of the Lair of Beasts.
             The game lasted 00:48:29 (19300 turns).

Gorglomux the Fighter (Centaur Fire Elementalist)  Turns: 19300, Time: 00:48:30

Health: -1/107     AC:  9    Str: 15    XL:     12   Next: 84%
Magic:  11/20      EV: 10    Int: 14    God:    Fedhas [****..]
Gold:   997        SH:  0    Dex: 11    Spells: 6/21 levels left

rFire    . . .     SeeInvis .   a - +0 shortbow (freeze)
rCold    . . .     Gourm    .   (shield currently unavailable)
rNeg     . . .     Faith    +   O - +0 robe
rPois    +         Spirit   .   (no helmet)
rElec    .         Reflect  .   K - +1 cloak {rPois}
rCorr    .         Harm     .   (no gloves)
MR       .....                  (no barding)
Stlth    +.........             X - amulet of faith
Regen    0.3/turn               l - +3 ring of protection
MPRegen  0.2/turn               S - ring of wizardry

@: very quick
A: hooves 3, deformed body, speed 2, tough skin 3
a: Fungal Bloom, Evolution, Sunlight, Growth, Reproduction, Renounce Religion


You were on level 2 of the Lair of Beasts.
You worshipped Fedhas.
Fedhas was greatly pleased with you.
You were not hungry.

You visited 3 branches of the dungeon, and saw 14 of its levels.
You also visited: Sewer.

You collected 997 gold pieces.

Inventory:

Hand Weapons
 a - a +0 shortbow of freezing (weapon)
 b - a +1 spear of venom
Missiles
 k - 207 arrows (quivered)
 Z - 3 throwing nets
Armour
 K - a +1 cloak of poison resistance (worn)
 O - a +0 robe (worn)
Jewellery
 l - a +3 ring of protection (left hand)
 r - an uncursed amulet of regeneration
 S - a ring of wizardry (right hand)
 X - an amulet of faith (around neck)
Wands
 A - a wand of acid (8/15)
 E - a wand of enslavement (15/24)
 J - a wand of paralysis (11/24)
 L - a wand of lightning (6/15)
 P - a wand of paralysis (8/24)
 Y - a wand of disintegration (8/24)
Scrolls
 e - a scroll of fog
 j - 10 scrolls of remove curse
 m - 3 scrolls of immolation
 n - a scroll of recharging
 q - a scroll of fear
 y - 2 scrolls of enchant weapon {unknown}
 B - 3 scrolls of blinking
 H - a scroll of holy word {unknown}
 M - 2 scrolls of magic mapping
 N - 2 scrolls of amnesia {unknown}
 T - 3 scrolls of teleportation
 W - a scroll of enchant armour {unknown}
Potions
 i - 6 potions of haste
 p - 4 potions of brilliance
 s - 5 potions of mutation {!q}
 w - a potion of ambrosia
 G - a potion of heal wounds
 Q - 2 potions of curing
 U - a potion of agility
Books
 x - a book of Fire

   Spells                             Type                      Level
   a - Ignite Poison                  Fire/Transmutation/Poison    3
   b - Fireball                       Conjuration/Fire             5
   c - Bolt of Fire                   Conjuration/Fire             6
   d - Ring of Flames                 Charms/Fire                  7
   e - Ignition                       Fire                         8
 F - a book of Flames

   Spells                             Type                      Level
   a - Flame Tongue                   Conjuration/Fire             1
   b - Throw Flame                    Conjuration/Fire             2
   c - Conjure Flame                  Conjuration/Fire             3
   d - Inner Flame                    Hexes/Fire                   3
   e - Sticky Flame                   Conjuration/Fire             4
   f - Fireball                       Conjuration/Fire             5
 V - a book of Changes

   Spells                             Type                      Level
   a - Beastly Appendage              Transmutation                1
   b - Sticks to Snakes               Transmutation                2
   c - Spider Form                    Transmutation/Poison         3
   d - Ice Form                       Ice/Transmutation            4
   e - Blade Hands                    Transmutation                5
Comestibles
 c - 10 bread rations
 d - 6 fruits {!e}
 o - 17 royal jellies
 z - 2 meat rations


   Skills:
 + Level 10.4 Fighting
 - Level 8.8 Polearms
 + Level 8.7 Bows
 - Level 1.3 Dodging
 - Level 1.1 Stealth
 - Level 5.4 Spellcasting
 + Level 7.0 Conjurations
 + Level 7.7 Fire Magic
 + Level 7.5 Invocations


You had 6 spell levels left.
You knew the following spells:

 Your Spells              Type           Power        Failure   Level  Hunger
a - Flame Tongue          Conj/Fire      ###..        1%          1    None
b - Throw Flame           Conj/Fire      ###...       1%          2    ##.....
c - Sticky Flame          Conj/Fire      ###.....     3%          4    ####...
d - Fireball              Conj/Fire      ###.......   9%          5    ######.
j - Conjure Flame         Conj/Fire      ###.....     1%          3    ###....


Dungeon Overview and Level Annotations

Branches:
Dungeon (11/15)            Temple (1/1) D:5            Lair (1/6) D:11
    Orc (0/2) D:10

Altars:
Ashenzari
Cheibriados
Dithmenos
Elyvilon
Fedhas
Gozag
Hepliaklqana
Kikubaaqudgha
Makhleb
Nemelex Xobeh
Okawaru
Qazlal
Ru
Sif Muna
Trog
Uskayaw
Vehumet
Xom
Yredelemnul
Zin
The Shining One
Jiyva

Shops:
D:5 =

Annotations:
D:10 1 transporter, exclusion: upstairs


Innate Abilities, Weirdness & Mutations

You have hooves in place of feet.
Armour fits poorly on your strangely shaped body.
You cover ground very quickly.
You have extremely tough skin. (AC +3)


Message History

You walk carefully through the fungus.
The blink frog blinks!
The blink frog completely misses the toadstool.
Something hits the toadstool.
The toadstool is destroyed!
Select plant or fungus to evolve.
Press: ? - help, Dir - move target cursor, f - toadstool
Aim: a toadstool (peaceful, can evolve into a wandering mushroom)
The floor, spattered with blood.
The toadstool can now pick up its mycelia and move.
Your piety has decreased.
A nearby toadstool withers and dies. x2
Select plant or fungus to evolve.
Press: ? - help, Dir - move target cursor, f - toadstool, p - wandering mushroom
Aim: a toadstool (peaceful, can evolve into a wandering mushroom)
The floor, spattered with blood.
The toadstool can now pick up its mycelia and move.
Your piety has decreased.
You swap places.
The blink frog hits you!
You die...
Fedhas appreciates your contribution to the ecosystem.

....P##. . ......#
.... #P...# #.....
#.#.###......
#...#..>.....
##.#..........
#..fF#........
##.#.P........ ##
#..#@÷f.......
#####.##..#F.........
##..........P#........
#.....................
............F........#
................######
#.............#.#
#.......(.......#
##..............#


You could see 3 blink frogs, a neutral active ballistomycete (unaware) and 2
friendly wandering mushrooms.

Vanquished Creatures
  2 two-headed ogres
  An unseen horror (D:11)
  An orc sorcerer (D:10)
  2 cyclopes (D:11)
  A troll (D:10)
  An efreet (D:10)
  2 hornets (D:10)
  Grinder (D:5)
  A hippogriff (Lair:1)
  3 wyverns
  A human (D:7)
  A hungry ghost (D:10)
  A wraith (D:10)
  8 yaks
  3 hogs (D:7)
  A water moccasin (D:6)
  A two-headed ogre skeleton (D:10)
  Purgy (Sewer)
  3 orc warriors
  4 ice beasts
  9 ogres
  2 phantoms
  5 sky beasts
  5 wolves (Lair:1)
  6 centaurs
  3 crocodiles
  9 bullfrogs
  4 big kobolds (D:5)
  2 gnoll sergeants
  A wyvern zombie (D:11)
  A water moccasin zombie (D:5)
  A wyvern skeleton (D:8)
  3 scorpions
  7 killer bees
  8 wights (D:8)
  4 howler monkeys
  6 electric eels
  4 crimson imps
  A centaur zombie (D:6)
  2 quasits
  2 orc priests
  2 centaur skeletons
  4 jellies
  2 bullfrog skeletons
  4 hounds
  Crazy Yiuf (D:7)
  5 iguanas
  Jessica (D:2)
  Ijyb (D:5)
  9 worker ants
  10 orc wizards
  An ogre zombie (D:10)
  2 ogre skeletons (D:10)
  A hound skeleton (D:4)
  Robin (D:4)
  12 adders
  18 gnolls
  A howler monkey skeleton (D:11)
  A river rat (D:6)
  A shadow imp (D:8)
  2 oozes
  3 adder zombies
  6 worms
  3 dart slugs
  9 leopard geckos
  33 orcs
  7 giant cockroaches
  48 goblins
  23 hobgoblins
  26 jackals
  9 quokkas
  A ball python (D:2)
  A ball python skeleton (D:4)
  10 bats
  3 frilled lizards
  3 goblin skeletons (D:10)
  2 goblin zombies (D:10)
  2 hobgoblin skeletons (D:10)
  12 kobolds
  6 orc skeletons (D:10)
  7 orc zombies (D:10)
  A quokka skeleton (D:7)
  7 rats
  A ballistomycete (Lair:2)
426 creatures vanquished.

Vanquished Creatures (collateral kills)
  A hydra (Lair:1)
  An unseen horror (D:11)
  A black mamba (Lair:2)
  A komodo dragon (D:11)
  2 blink frogs (Lair:2)
  A hippogriff (D:9)
  A wyvern (D:11)
  5 yaks
  An orc warrior (D:11)
  A wolf (Lair:1)
  A big kobold (D:10)
  A gnoll sergeant (D:9)
  3 killer bees (D:9)
  A quasit (D:9)
  2 ogre zombies (D:10)
  2 ogre skeletons (D:10)
  3 gnolls (D:9)
  An adder (D:11)
  An orc (D:11)
  A goblin skeleton (D:10)
  A hobgoblin zombie (D:10)
  3 kobolds (D:10)
  2 orc skeletons (D:10)
  An orc zombie (D:10)
  2 ballistomycete spores
40 creatures vanquished.

Vanquished Creatures (others)
  8 wandering mushrooms
  A necrophage (D:8)
  A ballistomycete (D:11)
  13 plants (D:11)
  224 toadstools
247 creatures vanquished.

Grand Total: 713 creatures vanquished

Notes
Turn   | Place    | Note
-------+----------+-------------------------------------------
     0 | D:1      | Gorglomux the Centaur Fire Elementalist began the quest for the Orb.
     0 | D:1      | Reached XP level 1. HP: 14/14 MP: 3/3
   108 | D:1      | Reached skill level 1 in Conjurations
   342 | D:1      | Reached XP level 2. HP: 17/20 MP: 4/4
   384 | D:1      | Reached skill level 3 in Fire Magic
   720 | D:2      | Found a shimmering altar of Xom.
   816 | D:2      | Found a shimmering altar of Xom.
   818 | D:2      | Found a shimmering altar of Xom.
   818 | D:2      | Found a shimmering altar of Xom.
   818 | D:2      | Found a shimmering altar of Xom.
   834 | D:2      | Found a shimmering altar of Xom.
   947 | D:2      | Learned a level 2 spell: Throw Flame
  1112 | D:2      | Reached XP level 3. HP: 26/26 MP: 2/5
  1535 | D:2      | Found a basalt altar of Yredelemnul.
  1535 | D:2      | Found a stormy altar of Qazlal.
  1564 | D:2      | Noticed Jessica
  1573 | D:2      | Killed Jessica
  1573 | D:2      | Reached XP level 4. HP: 20/33 MP: 0/7
  1832 | D:3      | Learned a level 3 spell: Conjure Flame
  2980 | D:3      | Reached XP level 5. HP: 23/38 MP: 5/8
  3624 | D:4      | Reached skill level 3 in Spellcasting
  3624 | D:4      | Reached skill level 3 in Conjurations
  3695 | D:4      | Reached XP level 6. HP: 45/45 MP: 6/10
  3811 | D:4      | Learned a level 4 spell: Sticky Flame
  4190 | D:4      | Noticed Robin
  4259 | D:4      | Killed Robin
  4592 | D:5      | Entered Level 5 of the Dungeon
  4601 | D:4      | Reached XP level 7. HP: 45/50 MP: 8/12
  4642 | D:5      | Found a blossoming altar of Fedhas.
  4656 | D:5      | Found a shadowy altar of Dithmenos.
  4745 | D:5      | Found a staircase to the Ecumenical Temple.
  4762 | Temple   | Entered the Ecumenical Temple
  4902 | D:5      | Became a worshipper of Fedhas Madash
  5362 | D:5      | Found Zyvyll's Jewellery Shoppe.
  5384 | D:5      | Reached skill level 1 in Fighting
  5477 | D:5      | Reached skill level 1 in Polearms
  5528 | D:5      | Noticed Grinder
  5531 | D:5      | Paralysed by Grinder for 2 turns
  5536 | D:5      | Killed Grinder
  5536 | D:5      | Reached skill level 2 in Fighting
  5824 | D:5      | Reached XP level 8. HP: 17/62 MP: 4/13
  5860 | D:5      | Reached skill level 3 in Fighting
  5860 | D:5      | Reached skill level 3 in Polearms
  6460 | D:5      | Noticed Ijyb
  6471 | D:5      | Killed Ijyb
  6841 | D:5      | Reached skill level 4 in Fighting
  6933 | D:5      | Reached skill level 5 in Fighting
  6962 | D:5      | Reached * piety under Fedhas
  7533 | D:6      | Found a glowing drain.
  7552 | Sewer    | Entered a sewer
  7629 | Sewer    | Noticed Purgy
  7646 | Sewer    | Killed Purgy
  7813 | D:6      | Reached XP level 9. HP: 19/75 MP: 0/14
  7935 | D:6      | Reached skill level 6 in Fighting
  8247 | D:6      | Reached skill level 6 in Polearms
  8691 | D:6      | Reached skill level 7 in Fighting
  9674 | D:7      | HP: 4/81 [orc priest/divine providence (12)]
  9678 | D:7      | Reached ** piety under Fedhas
  9903 | D:7      | Reached skill level 8 in Fighting
 10181 | D:7      | Reached skill level 1 in Invocations
 10198 | D:7      | Reached skill level 1 in Bows
 10236 | D:7      | Found a runed door.
 10380 | D:7      | Found a sparkling altar of Nemelex Xobeh.
 10662 | D:7      | Found a hide-covered altar of Uskayaw.
 10665 | D:7      | Found a burning altar of Makhleb.
 10667 | D:7      | Found a sacrificial altar of Ru.
 10671 | D:7      | Found an opulent altar of Gozag.
 10807 | D:7      | Reached XP level 10. HP: 84/88 MP: 7/15
 10971 | D:7      | Noticed Crazy Yiuf
 10979 | D:7      | Killed Crazy Yiuf
 11365 | D:8      | Reached skill level 3 in Bows
 11365 | D:8      | Reached skill level 3 in Invocations
 11900 | D:8      | Noticed a two-headed ogre
 11920 | D:8      | Killed a two-headed ogre
 11996 | D:8      | Reached *** piety under Fedhas
 12142 | D:8      | Reached skill level 9 in Fighting
 13494 | D:9      | Paralysed by an orc for 4 turns
 13756 | D:9      | Noticed a fire dragon
 14267 | D:9      | Found a shattered altar of Ashenzari.
 14702 | D:10     | Entered Level 10 of the Dungeon
 14758 | D:10     | Reached skill level 6 in Bows
 14758 | D:10     | Reached XP level 11. HP: 37/97 MP: 16/16
 15007 | D:10     | Found a transporter.
 15013 | D:10     | Found a viscous altar of Jiyva.
 15061 | D:10     | Found a staircase to the Orcish Mines.
 15061 | D:10     | Noticed an orc sorcerer
 15062 | D:10     | Reached **** piety under Fedhas
 15072 | D:10     | Killed an orc sorcerer
 16145 | D:10     | Reached skill level 6 in Conjurations
 16145 | D:10     | Reached skill level 6 in Fire Magic
 16145 | D:10     | Reached XP level 12. HP: 106/106 MP: 16/20
 16203 | D:10     | Reached skill level 6 in Invocations
 16600 | D:11     | Learned a level 5 spell: Fireball
 16702 | D:11     | Noticed a two-headed ogre
 16756 | D:11     | Killed a two-headed ogre
 16756 | D:11     | Reached skill level 10 in Fighting
 17846 | D:11     | Reached ***** piety under Fedhas
 17972 | D:11     | Found a staircase to the Lair.
 18186 | Lair:1   | Entered Level 1 of the Lair of Beasts
 18252 | Lair:1   | Noticed a six-headed hydra
 18264 | Lair:1   | Killed a six-headed hydra
 18792 | Lair:1   | HP: 5/107 [wolf (12)]
 19239 | Lair:1   | You fall through a shaft!
 19300 | Lair:2   | Slain by a blink frog

Skill      XL: |  1  2  3  4  5  6  7  8  9 10 11 12 |
---------------+-------------------------------------+-----
Conjurations   | 1 2 3 4 6 7 |  7.0
Fire Magic     | 3 4 5 6 7 |  7.7
Spellcasting   | 2 3 5 |  5.4
Fighting       | 2 5 8 9 10 | 10.4
Polearms       | 2 5 7 8 |  8.8
Invocations    | 2 5 7 |  7.5
Bows           | 2 6 8 |  8.7
Dodging        | |  1.3
Stealth        | |  1.1

Action                   |  1- 3 |  4- 6 |  7- 9 | 10-12 || total
-------------------------+-------+-------+-------+-------++-------
Melee: Unarmed           |    17 |     8 |       |       ||    25
       Kick              |     3 |     3 |    17 |    65 ||    88
       Halberd           |       |       |   119 |       ||   119
       Spear             |       |       |       |   366 ||   366
 Fire: Hunting sling     |       |   123 |   306 |    20 ||   449
       Shortbow          |       |       |       |   245 ||   245
 Cast: Flame Tongue      |    46 |   103 |   221 |    98 ||   468
       Throw Flame       |       |     2 |     4 |    16 ||    22
       Conjure Flame     |       |     2 |     2 |    15 ||    19
       Sticky Flame      |       |       |    26 |    31 ||    57
       Fireball          |       |       |       |    11 ||    11
Invok: Fungal Bloom      |       |       |    24 |    54 ||    78
       Sunlight          |       |       |     2 |    12 ||    14
       Evolution         |       |       |       |    12 ||    12
       Reproduction      |       |       |       |     2 ||     2
       Rain              |       |       |       |     1 ||     1
Evoke: Wand              |       |       |     2 |     5 ||     7
  Use: Scroll            |       |     7 |       |    16 ||    23
       Potion            |       |       |     6 |     3 ||     9
 Stab: Sleeping          |     1 |     1 |       |     1 ||     3
       Paralysed         |       |       |       |    11 ||    11
       Confused          |       |       |       |     2 ||     2
       Distracted        |       |       |       |     1 ||     1
  Eat: Chunk             |     2 |     9 |    21 |    20 ||    52
       Royal jelly       |       |       |     1 |     2 ||     3
       Meat ration       |       |       |       |     3 ||     3
Armor: Robe              |    14 |    71 |   284 |   176 ||   545
       Skin              |       |       |    35 |       ||    35
Dodge: Dodged            |    20 |    74 |   281 |   252 ||   627
